 Seeded DCSS version 0.30.1-11-g7821555f0a (webtiles) character file.

Game seed: 5 (custom seed)

222 Kazon the Shield-Bearer (level 5, 0/33 HPs)
             Began as a Gargoyle Fighter on Nov 30, 2023.
             Slain by Sigmund
             ... wielding a +0 scythe
              (3 damage)
             ... on level 4 of the Dungeon.
             The game lasted 00:09:30 (2111 turns).

Kazon the Shield-Bearer (Gargoyle Fighter)          Turns: 2111, Time: 00:09:31

Health: 0/33       AC: 12    Str: 20    XL:     5   Next: 99%
Magic:  14/14      EV:  6    Int:  8    God:
Gold:   163        SH: 12    Dex: 11    Spells: 4/4 levels left

rFire   . . .        q - +1 demon trident (venom)
rCold   . . .        c - +0 tower shield
rNeg    + . .        b - +0 scale mail
rPois   ∞            i - +0 helmet
rElec   +            (no cloak)
rCorr   .            (no gloves)
SInv    .            (no boots)
Will    .....        (no amulet) Stlth
                     r - ring of magical power
HPRegen 0.25/turn    (no ring)
MPRegen 0.14/turn

%: no passive effects
@: no status effects
A: sickness immunity, AC +4, negative energy resistance 1, electricity
resistance, torment resistance 1, petrification resistance
a: no special abilities


You were on level 4 of the Dungeon.
You visited 2 branches of the dungeon, and saw 5 of its levels.

You collected 163 gold pieces.

Inventory:

Hand Weapons
 a - a +0 flail
 e - a +2 vampiric dagger
 q - a +1 demon trident of venom (weapon)
Missiles
 f - 8 stones (quivered)
 j - 3 boomerangs
 v - 5 poisoned darts
Armour
 b - a +0 scale mail (worn)
 c - a +0 tower shield (worn)
 i - a +0 helmet (worn)
Jewellery
 r - a ring of magical power (left hand)
Scrolls
 g - a scroll of fog {unknown}
 l - a scroll of identify {unknown}
 m - a scroll of summoning {unknown}
 n - a scroll of magic mapping {unknown}
 o - a scroll of teleportation {unknown}
 p - a scroll of blinking {unknown}
Potions
 d - a potion of might
 h - a potion of resistance {unknown}
 k - 3 potions of curing {unknown}
 s - a potion of flight {unknown}
 t - a potion of invisibility {unknown}
 u - a potion of berserk rage {unknown}


   Skills:
 + Level 4.0 Fighting
 + Level 2.0 Maces & Flails
 + Level 2.5 Polearms
 * Level 1.4 Throwing
 + Level 4.2 Armour
 + Level 0.5 Dodging
 + Level 4.3 Shields


You had 4 spell levels left.
You didn't know any spells.
Your spell library contained the following spells:

 Spells                   Type           Power      Damage    Failure   Level
 Frozen Ramparts          Ice            0%         1d1       100%        3
 Ice Form                 Ice/Tmut       0%         N/A       100%        4
 Summon Ice Beast         Ice/Summ       0%         N/A       100%        4


Dungeon Overview and Level Annotations

Branches:
Dungeon (4/15)             Temple (1/1) D:4

Altars:
Fedhas
Hepliaklqana
Qazlal
Trog
Wu Jian
The Shining One

Annotations:
D:4 Sigmund


Innate Abilities, Weirdness & Mutations

You are immune to sickness and miasma.
Your stone body is resilient. (AC +4)
You are immune to poison.
You resist negative energy. (rN+)
You are resistant to electric shocks. (rElec)
You are resistant to unholy torment.
You are immune to petrification.


Message History

Found a hazy altar of Hepliaklqana.
Sigmund the Dreaded comes into view.
He is wielding a +0 scythe.
Sigmund shouts!
Sigmund casts a spell at you. You resist with some effort.
Sigmund mumbles some strange words.
Sigmund flickers and vanishes!
Deactivating autopickup; reactivate with Ctrl-A.
You hear some strange, mumbled words.
You are confused.
Something hits you but does no damage.
You're too confused to move!
Something hits you but does no damage.
You're too confused to move!
Something hits you but does no damage.
You bump into the rock wall.
You feel less confused. Something hits you but does no damage.
Something hits you but does no damage.
You barely miss something.
You hear some strange, mumbled words.
A magic dart appears from out of thin air!
The magic dart hits you. You block something's attack. Something hits you.
You closely miss something. Something hits you but does no damage.
You hit something. Something hits you.
You miss something.
You hear some strange, mumbled words.
You are confused.
Something hits you but does no damage. Something hits you!
You're too confused to move!
Something hits you.
* * * LOW HITPOINT WARNING * * *
Something hits you.
* * * LOW HITPOINT WARNING * * *
You completely miss something. You barely miss something.
You feel less confused. Something hits you.
You die...

########## #####........#
.........@...#
........{....#
..........####..#
.................
#####......###..# .#
##......###..##.##
#####.....>.......... #
#................##.####.#?
#......###..##...##........


There were no monsters in sight!

Vanquished Creatures
  A black bear (D:4)
  4 adders
  3 worms
  6 orcs
  4 bats
  9 endoplasms
  A giant cockroach (D:1)
  12 goblins
  6 hobgoblins
  11 jackals
  3 kobolds
  6 ball pythons
  3 frilled lizards
  4 rats
73 creatures vanquished.

Notes
Turn   | Place    | Note
-------+----------+-------------------------------------------
     0 | D:1      | Kazon the Gargoyle Fighter began the quest for the Orb.
     0 | D:1      | Reached XP level 1. HP: 14/14 MP: 1/1
    28 | D:1      | Identified a scroll of acquirement
    28 | D:1      | Acquired a +1 demon trident of venom
    42 | D:1      | Reached XP level 2. HP: 19/19 MP: 2/2
   272 | D:1      | Reached XP level 3. HP: 23/23 MP: 3/3
   921 | D:2      | Reached skill level 1 in Polearms
  1003 | D:2      | Reached XP level 4. HP: 28/29 MP: 4/4
  1534 | D:3      | Found a blossoming altar of Fedhas.
  1550 | D:3      | Reached XP level 5. HP: 33/33 MP: 5/5
  1644 | D:3      | Found a stormy altar of Qazlal.
  1730 | D:3      | Identified the +2 sling "Qeuhanocyt" {speed, rElec Str-3
                  | Dex+2}
  1788 | D:3      | Found a faded altar of an unknown god.
  1995 | D:4      | Found a staircase to the Ecumenical Temple.
  2003 | Temple   | Entered the Ecumenical Temple
  2011 | Temple   | Became a worshipper of the Shining One
  2023 | D:4      | Was placed under penance by the Shining One
  2056 | D:4      | Noticed a black bear
  2066 | D:4      | Reached skill level 1 in Throwing
  2067 | D:4      | Fell from the grace of the Shining One
  2073 | D:4      | Killed a black bear
  2074 | D:4      | Found a hazy altar of Hepliaklqana.
  2087 | D:4      | Noticed Sigmund
  2111 | D:4      | Slain by Sigmund

Illustrated notes

Levels and vault maps discovered:
D:1:      ebering_trefoil_3fold, layout_basic, st_stairs_14, serial_bayou_ford_a
D:2:      layout_basic, hangedman_decor_growths, minmay_close_crescents
D:3:      layout_rooms, mainiacjoe_overflow_concentric_impassable,
          mainiacjoe_overflow_paths, shapermc_ecumenical_altar_acropolis,
          chequers_serial_rivers_micro_b
D:4:      layout_basic, riverfiend_overflow_shadow_ancestor,
          minmay_temple_entry_glass, uniq_sigmund
Temple:   nicolae_temple_elliptical

Skill      XL: |  1  2  3  4  5 |
---------------+----------------+-----
Armour         | 4 |  4.2
Polearms       | 1 2 |  2.5
Shields        | 4 |  4.3
Throwing       | 1 |  1.4
Fighting       | 4 |  4.0
Maces & Flails | |  2.0
Dodging        | |  0.5

Action                     |  1- 3 |  4- 6 || total
---------------------------+-------+-------++-------
  Melee: Flail             |     4 |       ||     4
         Demon trident     |    80 |   101 ||   181
  Throw: Stone             |       |     8 ||     8
    Use: Scroll            |     2 |       ||     2
         Potion            |     1 |       ||     1
 Armour: Scale mail        |    28 |    67 ||    95
  Dodge: Dodged            |    15 |    25 ||    40
  Block: Buckler           |     5 |       ||     5
         Tower shield      |    25 |    84 ||   109
